 Dungeon Crawl Stone Soup version 0.29-a0-283-ga02f740833 (webtiles) character file.

Game seed: 13301432985834326052

35 Aksej the Ducker (level 3, 0/28 HPs)
             Began as a Demonspawn Gladiator on Mar 13, 2022.
             Slain by a hobgoblin
             ... wielding a +0 spear
              (4 damage)
             ... on level 2 of the Dungeon.
             The game lasted 00:02:26 (1369 turns).

Aksej the Ducker (Demonspawn Gladiator)             Turns: 1369, Time: 00:02:27

Health: 0/28       AC:  4    Str: 14    XL:     3   Next: 17%
Magic:  3/3        EV: 12    Int:  9    God:
Gold:   56         SH:  0    Dex: 16    Spells: 2/2 levels left

rFire   . . .      SeeInvis .   a - +0 dagger (drain)
rCold   . . .      Faith    .   (no shield)
rNeg    . . .      Spirit   .   b - +0 leather armour
rPois   .          Reflect  .   c - +0 helmet
rElec   .          Harm     .   (no cloak)
rCorr   .          Rampage  .   (no gloves)
Will    .....                   (no boots)
Stlth   +.........              (no amulet)
HPRegen 0.09/turn               (no ring)
MPRegen 0.08/turn               (no ring)

@: no status effects
A: powered by death 1
a: no special abilities


You were on level 2 of the Dungeon.
You visited 1 branch of the dungeon, and saw 2 of its levels.

You collected 56 gold pieces.

Inventory:

Hand Weapons
 a - a +0 dagger of draining (weapon)
Missiles
 d - 3 throwing nets (quivered)
 e - a javelin
Armour
 b - a +0 leather armour (worn)
 c - a +0 helmet (worn)
Scrolls
 i - a scroll of enchant armour
Potions
 f - a potion of curing
 g - a potion of haste
 h - a potion of might


   Skills:
 * Level 2.4 Fighting
 + Level 2.9 Short Blades
 + Level 1.9 Throwing
 + Level 0.4 Armour
 + Level 3.1 Dodging
 + Level 0.5 Stealth


You had 2 spell levels left.
You didn't know any spells.
Your spell library was empty.

Dungeon Overview and Level Annotations

Branches:
Dungeon (2/15)

Altars:


Innate Abilities, Weirdness & Mutations

You regenerate a little health from kills.


Message History

You barely miss the bat. The bat hits you but does no damage.
The hobgoblin hits you with a +0 spear.
You hit the hobgoblin but do no damage.
A kobold comes into view. It is wielding a +0 dagger.
The hobgoblin barely misses you.
You hit the bat.
The bat is moderately wounded.
The bat barely misses you. The hobgoblin hits you with a +0 spear.
You hit the bat. You drain the bat.
You kill the bat!
The hobgoblin hits you with a +0 spear.
You hit the hobgoblin but do no damage. You drain the hobgoblin.
The hobgoblin is almost dead.
The hobgoblin hits you with a +0 spear.
You are too injured to fight recklessly!
You are too injured to fight recklessly!
You are too injured to fight recklessly!
You are too injured to fight recklessly!
You hit the hobgoblin but do no damage.
The hobgoblin is almost dead.
The hobgoblin hits you with a +0 spear.
You hit the hobgoblin but do no damage.
The hobgoblin is severely wounded.
You hit the hobgoblin but do no damage.
The hobgoblin is severely wounded.
The hobgoblin barely misses you.
You closely miss the hobgoblin.
The hobgoblin is severely wounded.
The hobgoblin hits you with a +0 spear.
* * * LOW HITPOINT WARNING * * *
You hit the hobgoblin but do no damage.
You punch the hobgoblin, but do no damage.
The hobgoblin is severely wounded.
The hobgoblin hits you with a +0 spear.
* * * LOW HITPOINT WARNING * * *
You hit the hobgoblin but do no damage.
You punch the hobgoblin, but do no damage.
The hobgoblin is severely wounded.
The hobgoblin hits you with a +0 spear.
You die...

.......<..........>
##....##.#.........
####..#..#####....
#.##.######### #.##....#
# ####### #.#####.## #
....... #.#####..#####
.......####.#...........
.......@......####.#####
.....Kg#####.## #.....#
....... #..## #####..
....... ##..# ###
....... ##.## # .......
#..######## .......
##<........ ..>....
#.######## ###


You could see a hobgoblin (very drained) and a kobold.

Vanquished Creatures
  A worm (D:2)
  4 ball pythons
  4 endoplasms
  2 giant cockroaches (D:1)
  2 hobgoblins
  A kobold (D:1)
  A quokka (D:2)
  8 bats
  A frilled lizard (D:2)
  2 goblins (D:1)
  5 rats
31 creatures vanquished.

Notes
Turn   | Place    | Note
-------+----------+-------------------------------------------
     0 | D:1      | Aksej the Demonspawn Gladiator began the quest for the Orb.
     0 | D:1      | Reached XP level 1. HP: 16/16 MP: 1/1
   385 | D:1      | Gained mutation: You regenerate a little health from kills.
                  | [demonic ancestry]
   385 | D:1      | Reached XP level 2. HP: 22/22 MP: 2/2
   591 | D:1      | Found a faded altar of an unknown god.
   643 | D:1      | Reached skill level 3 in Dodging
  1263 | D:2      | Reached XP level 3. HP: 28/28 MP: 3/3
  1369 | D:2      | Slain by a hobgoblin

Illustrated notes

Levels and vault maps discovered:
D:1:      shiori_arrival_elements, layout_loops_corners,
          dreamdust_ecumenical_altar_grove, minmay_pentomino_u2
D:2:      minmay_angry_zag, layout_rooms, uniq_terence, uniq_jessica

Skill      XL: |  1  2 |
---------------+-------+-----
Dodging        | 3 |  3.1
Fighting       | |  2.4
Short Blades   | |  2.9
Throwing       | |  1.9
Armour         | |  0.4
Stealth        | |  0.5

Action                   || total
-------------------------++-------
Melee: Rapier            ||     9
       Dagger            ||    93
       Punch             ||     4
  Use: Scroll            ||     4
 Stab: Sleeping          ||     2
Armor: Leather armour    ||    29
Dodge: Dodged            ||    55

Table legend: (Time is in decaauts)
 A = Elapsed time spent in this place.
 B = Non-inter-level travel time spent in this place.
 C = Inter-level travel time spent in this place.
 D = Time resting spent in this place.
 E = Time spent auto-exploring this place.
 F = Levels seen in this place.
 G = Mean time per level.
                   A        B        C        D        E       F      G
               +--------+--------+--------+--------+--------+-----+--------+
         Total |   1356 |   1332 |     24 |      0 |   1115 |   2 |  678.0 |
       Dungeon |   1356 |   1332 |     24 |      0 |   1115 |   2 |  678.0 |
               +--------+--------+--------+--------+--------+-----+--------+

Top non-repeatable levels by time:
     D:1: 1094 daAuts
     D:2: 262 daAuts
